 Dungeon Crawl Stone Soup version 0.16.1-28-gcc2312f (webtiles) character file.

89 FlaggTheMystic the Ruffian (level 4, -1/45 HPs)
             Began as a Troll Chaos Knight on June 5, 2015.
             Slain by FlaggTheMystic's ghost (3 damage)
             ... on level 3 of the Dungeon.
             The game lasted 00:06:00 (1045 turns).

FlaggTheMystic the Ruffian (Troll Chaos Knight)     Turns: 1045, Time: 00:06:02

Health: -1/45      AC:  7    Str: 21    XL:     4   Next: 31%
Magic:  2/2        EV: 10    Int: 13    God:    Xom [..*...]
Gold:   98         SH:  0    Dex:  9    Spells: 0 memorised, 3 levels left

rFire  . . .     SeeInvis .       - Unarmed
rCold  . . .     Clarity  .     b - +2 robe
rNeg   . . .     SustAb   .     (shield restricted)
rPois  .         Gourm    +     (helmet restricted)
rElec  .         Spirit   .     (no cloak)
rCorr  .         Warding  .     (gloves unavailable)
rMut   .         Stasis   .     (boots unavailable)
MR     .....                    (no amulet)
Stlth  +.........               (no ring)
                                (no ring)

@: brilliant, not resistant to hostile enchantments, very unstealthy
A: unfitting armour, claws 3, fast metabolism 3, gourmand, regeneration 2,
shaggy fur 1, tough skin 2
a: Renounce Religion


You were on level 3 of the Dungeon.
You worshipped Xom.
You were a toy of Xom.
You were near starving.

You visited 1 branch of the dungeon, and saw 3 of its levels.

You collected 98 gold pieces.

Inventory:

Armour
 b - a +2 robe (worn)
Scrolls
 e - 2 scrolls of identify
 g - a scroll of remove curse
 h - a scroll of random uselessness {unknown}
Potions
 c - a potion of magic {unknown}
 d - a potion of restore abilities
 f - a potion of curing {unknown}
Comestibles
 a - 2 meat rations


   Skills:
 + Level 3.0 Fighting
 + Level 1.9 Armour
 + Level 1.7 Dodging
 + Level 0.1 Stealth
 + Level 3.9 Unarmed Combat


You had 3 spell levels left.
You didn't know any spells.

Dungeon Overview and Level Annotations

Branches:
Dungeon (3/15)

Altars:

Annotations:
D:3 FlaggTheMystic's ghost, average DEIE


Innate Abilities, Weirdness & Mutations

You are too large for most types of armour.
You have claws for hands.
Your metabolism is lightning-fast.
You like to eat raw meat.
You heal very quickly.
You are covered in fur (AC +1).
You have very tough skin (AC +2).


Message History

* * * LOW HITPOINT WARNING * * *
Unknown command.
You offer a prayer to Xom.
Xom says: I'm watching you, my red-headed step child.
You scratch FlaggTheMystic's ghost.
FlaggTheMystic's ghost is heavily damaged.
FlaggTheMystic's ghost barely misses you.
You scratch FlaggTheMystic's ghost.
FlaggTheMystic's ghost is severely damaged.
The kobold completely misses you. The ooze hits you.
* * * LOW HITPOINT WARNING * * *
FlaggTheMystic's ghost closely misses you.
A giant newt comes into view.
You scratch FlaggTheMystic's ghost.
FlaggTheMystic's ghost is severely damaged.
The kobold hits you with a short sword.
* * * LOW HITPOINT WARNING * * *
The ooze barely misses you. FlaggTheMystic's ghost hits you.
You die...
Xom snickers!

##.########(##### .
....# ##....((.# ..#
..†.####.......(# ..
.......)....(..(# .#
....#####.......#
##.####.. ....#
######)## ##........
....# ###.####...#....#
....#
######...†(J......#
....#
#.........@W..!..l#
.....
..#...##.##K.##.#......
##### #..## #.###.# .#
..# #. #.# #.# .# # #.#
#.. .. #.# ###... #.#
..#. #.. .## ##. =


You could see an ooze, FlaggTheMystic's ghost, a kobold and a giant newt.

Vanquished Creatures
  5 adders
  A worm (D:3)
  An orc (D:3)
  4 bats
  3 hobgoblins
  3 jackals (D:1)
  2 giant cockroaches
  A giant gecko (D:1)
  2 giant newts
  5 goblins
  7 kobolds
  2 quokkas (D:2)
  6 rats
42 creatures vanquished.

Notes
Turn   | Place    | Note
--------------------------------------------------------------
     0 | D:1      | FlaggTheMystic, the Troll Chaos Knight, began the quest for the Orb.
     0 | D:1      | Reached XP level 1. HP: 22/22 MP: 1/1
    52 | D:1      | XOM: divination: detect items
   189 | D:1      | Reached XP level 2. HP: 29/29 MP: 1/1
   193 | D:1      | Reached skill level 1 in Dodging
   231 | D:1      | XOM: divination: magic mapping
   554 | D:2      | XOM: harmless Air miscast
   606 | D:2      | Reached XP level 3. HP: 36/36 MP: 2/2
   997 | D:3      | XOM: potion effect (brilliance)
  1004 | D:3      | Reached XP level 4. HP: 29/45 MP: 2/2
  1025 | D:3      | Noticed FlaggTheMystic's ghost (average DEIE)
  1036 | D:3      | XOM: harmless Chrm miscast
  1045 | D:3      | HP: 2/45 [kobold/short sword (3)]
  1045 | D:3      | Slain by FlaggTheMystic's ghost

Action                   |  1- 3 |  4- 6 || total
-------------------------+-------+-------++-------
Melee: Unarmed           |   103 |    25 ||   128
  Use: Scroll            |     3 |       ||     3
  Eat: Meat ration       |     1 |       ||     1
